 Dungeon Crawl Stone Soup version 0.30-a0-297-g0ec75d9ef4 (webtiles) character file.

Game seed: 16468762421961351888

90439 MrRokkomies the Cruncher (level 15, -11/134 HPs)
             Began as an Armataur Delver on Oct 19, 2022.
             Was the Champion of Cheibriados.
             Mangled by a large abomination (21 damage)
             ... on level 2 of the Abyss.
             The game lasted 01:10:19 (24424 turns).

MrRokkomies the Cruncher (Armataur Delver)         Turns: 24424, Time: 01:10:20

Health: -11/134    AC: 30    Str: 35    XL:     15   Next: 52%
Magic:  23/24      EV: 16    Int: 27    God:    Cheibriados [******]
Gold:   2177       SH:  0    Dex: 34    Spells: 14/14 levels left

rFire   + + .      SeeInvis .    a - +7 quarterstaff "Xoolicai" {pain, rCorr Dex+4}
rCold   x . .      Faith    .    (shield currently unavailable)
rNeg    + . .      Spirit   .    y - +1 fire dragon scales
rPois   +          Reflect  .    U - +1 helmet
rElec   +          Harm     .    A - +2 cloak
rCorr   +          Roll     +    V - +1 pair of gloves
Will    +....                    s - +3 barding
Stlth   +++.......               (no amulet)
HPRegen 0.00/turn                B - +4 ring of slaying
MPRegen 0.19/turn                u - ring "Dacide" {*Slow rElec rPois rN+}

@: sick, studying Throwing, very slow
A: large, rugged brown scales 3, deformed body, armoured tail, roll, long
tongue, awkward tongue, shaggy fur 1
a: Renounce Religion, Bend Time, Temporal Distortion, Slouch, Step From Time


You were on level 2 of the Abyss.
You worshipped Cheibriados.
Cheibriados was exalted by your worship.
You visited 3 branches of the dungeon, and saw 21 of its levels.
You visited the Abyss 1 time.
You also visited: Bailey and Ice Cave.

You collected 2177 gold pieces.

Inventory:

Hand Weapons
 a - the +7 quarterstaff "Xoolicai" (weapon) {pain, rCorr Dex+4}
   (You found it on level 3 of the Dungeon)

   In the hands of one skilled in necromantic magic, it inflicts extra damage on
   living creatures.
   Dex:       It affects your dexterity (+4).
   rCorr:     It protects you from acid and corrosion.
 b - the +1 lajatang "MrRokkomies's Regret" {antimagic, Fly rF+ rN+ Dex-2}
   (You acquired it in a bailey)

   It reduces the magical energy of the wielder, and disrupts the spells and
   magical abilities of those it strikes.
   Natural abilities and divine invocations are not affected.
   Dex:       It affects your dexterity (-2).
   rF:        It protects you from fire.
   rN:        It protects you from negative energy.
   Fly:       It grants you flight.
Missiles
 x - a throwing net
 z - 15 curare-tipped darts
 M - 26 poisoned darts (quivered)
 P - 9 boomerangs
Armour
 s - a +3 barding (worn)
 y - +1 fire dragon scales (worn)
 A - a +2 cloak (worn)
 U - a +1 helmet (worn)
 V - a +1 pair of gloves (worn)
Jewellery
 e - a ring of resist corrosion
 f - a ring of see invisible
 m - a ring of ice
 u - the ring "Dacide" (right hand) {*Slow rElec rPois rN+}
   (You found it on level 5 of the Lair of Beasts)

   [ring of positive energy]

   rElec:     It insulates you from electricity.
   rPois:     It protects you from poison.
   rN:        It protects you from negative energy.
   *Slow:     It may slow you when you take damage.
 B - a +4 ring of slaying (left hand)
Wands
 g - a wand of digging (8)
 h - a wand of light (11)
 l - a wand of charming (3)
 D - a wand of mindburst (14)
 L - a wand of iceblast (15)
 N - a wand of flame (2)
Scrolls
 c - 3 scrolls of fog
 k - 5 scrolls of identify
 n - 6 scrolls of immolation
 p - 9 scrolls of teleportation
 q - a scroll of silence
 t - 3 scrolls of enchant weapon
 C - a scroll of amnesia
 G - 4 scrolls of poison
 J - 3 scrolls of magic mapping
 O - 6 scrolls of blinking
 T - 3 scrolls of fear
 W - 2 scrolls of vulnerability
Potions
 d - 2 potions of magic
 i - 4 potions of flight
 o - 3 potions of mutation
 v - 2 potions of might
 w - 2 potions of lignification
 E - a potion of berserk rage
 H - a potion of ambrosia
 I - 4 potions of invisibility
 Q - 5 potions of brilliance
 R - 2 potions of attraction
 S - 2 potions of cancellation
Miscellaneous
 K - a lightning rod (4/4)
 X - a phial of floods
 Y - a condenser vane


   Skills:
 - Level 10.2 Fighting
 - Level 2.5(9.3) Maces & Flails
 - Level 13.8(14.0) Staves
 * Level 9.3 Throwing
 - Level 11.5 Armour
 + Level 9.3 Dodging
 - Level 6.0 Stealth
 - Level 12.0 Invocations
 + Level 6.6 Evocations


You had 14 spell levels left.
You didn't know any spells.
Your spell library contained the following spells:

 Spells                   Type           Power      Damage    Failure   Level
 Beastly Appendage        Tmut           0%         N/A       22%         1
 Kiss of Death            Conj/Necr      0%         2d5       22%         1
 Magic Dart               Conj           0%         1d3       22%         1
 Shock                    Conj/Air       0%         1d3       22%         1
 Call Imp                 Summ           0%         N/A       32%         2
 Ensorcelled Hibernation  Hex/Ice        0%         N/A       32%         2
 Passwall                 Tmut/Erth      0%         N/A       32%         2
 Wereblood                Tmut           0%         N/A       32%         2
 Gell's Gravitas          Tloc           0%         N/A       54%         3
 Hailstorm                Conj/Ice       0%         3d3       54%         3
 Lesser Beckoning         Tloc           0%         N/A       54%         3
 Mephitic Cloud           Conj/Pois/Air  0%         N/A       54%         3
 Ozocubu's Armour         Ice            0%         N/A       54%         3
 Spider Form              Tmut/Pois      0%         N/A       54%         3
 Summon Guardian Golem    Hex/Summ       0%         N/A       54%         3
 Swiftness                Air            0%         N/A       54%         3
 Teleport Other           Tloc           0%         N/A       54%         3
 Tukima's Dance           Hex            0%         N/A       54%         3
 Airstrike                Air            0%         2d(0-16)  91%         4
 Animate Dead             Necr           0%         N/A       91%         4
 Passage of Golubria      Tloc           0%         N/A       91%         4
 Summon Lightning Spire   Summ/Air       0%         N/A       91%         4
 Borgnjor's Vile Clutch   Necr/Erth      0%         N/A       99%         5
 Freezing Cloud           Conj/Ice/Air   0%         6-21      99%         5
 Yara's Violent Unravell  Hex/Tmut       0%         3d3       99%         5
 Conjure Ball Lightning   Conj/Air       0%         3x3d6     100%        6
 Death Channel            Necr           0%         N/A       100%        6
 Simulacrum               Ice/Necr       0%         N/A       100%        6
 Orb of Destruction       Conj           0%         9d5       100%        7
 Ozocubu's Refrigeration  Ice            0%         4d7       100%        7
 Spellforged Servitor     Conj/Summ      0%         N/A       100%        7
 Storm Form               Tmut/Air       0%         N/A       100%        7
 Discord                  Hex            0%         N/A       100%        8
 Disjunction              Tloc           0%         N/A       100%        8
 Maxwell's Capacitive Co  Air            0%         ∞         100%        8
 Chain Lightning          Conj/Air       0%         N/A       100%        9
 Polar Vortex             Ice            0%         N/A       100%        9


Dungeon Overview and Level Annotations

Branches:
Dungeon (14/15)            Temple (0/1) D:6            Lair (5/5) D:11
  Swamp (0/4) Lair:3        Snake (0/4) Lair:3        Slime (0/5) Lair:4
    Orc (2/2) D:12            Elf (0/3) Orc:2        Bailey (visited)
  IceCv (visited)
 Vaults: D:13-14

Altars:
Cheibriados
Gozag
Hepliaklqana
Makhleb
Nemelex Xobeh
Okawaru
Qazlal
Ru
Trog
Uskayaw
Vehumet
Zin
Jiyva

Shops:
D:2 =   D:8 [   Orc:2 =(([

Annotations:
D:9 2 transporters, Dwachs's ghost, novice OpSu
D:11 2 transporters, LetschGu's ghost, journeyman TeSu


Innate Abilities, Weirdness & Mutations

You are completely covered in rugged brown scales. (AC +3, +7% HP)
Armour fits poorly on your strangely shaped body.
You have a long armoured tail.
You roll when moving toward enemies. (Rampage)
Your long tongue fully drains potion bottles. (2x potion effects)
Your tongue gives you trouble enunciating. (1.5x scroll delay)
You are covered in fur. (AC +1)


Message History

You sock the starcursed mass! You tail-slap the starcursed mass.
You destroy the starcursed mass!
Cheibriados appreciates the change of pace.
You roll towards the large abomination!
The large abomination misses you.
You hit the large abomination but do no damage.
The large abomination completely misses you.
You hit the large abomination. You tail-slap the large abomination.
The large abomination is lightly damaged.
The large abomination barely misses you.
You completely miss the large abomination.
The large abomination is lightly damaged.
You hit the large abomination.
You tail-slap the large abomination, but do no damage.
The large abomination is moderately damaged.
The large abomination hits you but does no damage.
You thump the large abomination!
The large abomination is heavily damaged.
You sock the large abomination!
The large abomination is almost destroyed.
The large abomination hits you!
* * * LOW HITPOINT WARNING * * *
You hit the large abomination but do no damage.
You tail-slap the large abomination, but do no damage.
The large abomination is almost destroyed.
The large abomination closely misses you.
You bludgeon the large abomination!!
You destroy the large abomination!
Cheibriados appreciates the change of pace.
A lurking horror comes into view.
You roll towards the lurking horror!
You barely miss the lurking horror.
Your body is wracked with pain!
* * * LOW HITPOINT WARNING * * *
A large abomination comes into view.
A neqoxec comes into view.
You barely miss the large abomination.
The neqoxec shouts!
You bludgeon the large abomination!!
The large abomination is moderately damaged.
The large abomination hits you!!
You die...

.. .. ..# #.#
##.# ...###... #
...#.3.#
.......... # ..
#...###..# #.
#.. #.)@....# #
#.# ##X#..##...
# # ..# #..##.#
#
#......#....§...
†#.#.........##
... ..
#.....#...# .###
# ...###...# #.
# #.## ##.## .#.
# #.. ...
##..#.#


You could see a large abomination and a neqoxec.

Vanquished Creatures
  Gastronok (Lair:2)
  A tentacled starspawn (Abyss:2)
  A balrug (Abyss:2)
  A reaper (IceCv)
  Nessos (Lair:5)
  A fire dragon (Lair:5)
  2 hydras
  Erica (D:8)
  4 ogre magi (Orc:2)
  3 boulder beetles
  2 centaur warriors
  6 death yaks
  15 two-headed ogres
  A hell hog (Abyss:2)
  2 wretched stars (Abyss:2)
  Sonja (Lair:1)
  Nergalle (Lair:2)
  5 skeletal warriors (D:12)
  A bog body (Lair:3)
  2 lindwurms (Lair:5)
  A fenstrider witch simulacrum (Abyss:2)
  2 orc knights
  A mana viper (Abyss:2)
  An oklob plant (Lair:3)
  3 deep elf pyromancers
  3 ugly things (D:14)
  10 elephants (Lair:5)
  3 manticores
  5 cyclopes
  2 ice statues (IceCv)
  8 black mambas
  12 cane toads
  A gargoyle (D:14)
  A torpor snail (Lair:4)
  Joseph (D:8)
  3 molten gargoyles (Lair:5)
  A yaktaur (D:14)
  An unseen horror (D:13)
  3 kobold demonologists
  3 freezing wraiths
  An efreet (Abyss:2)
  2 anaconda simulacra (IceCv)
  11 komodo dragons
  4 ice devils (IceCv)
  2 ancient zymes (Abyss:2)
  A polar bear (Lair:5)
  13 trolls
  A harpy zombie (Abyss:2)
  8 blink frogs
  A hornet (D:11)
  4 slime creatures (D:13)
  9 dream sheep
  3 raiju (Abyss:2)
  2 shadows (D:10)
  43 yaks
  4 dire elephant simulacra (IceCv)
  3 wraiths
  A vampire (D:10)
  4 large abominations (Abyss:2)
  7 wyverns
  6 basilisks
  A chaos spawn (Abyss:2)
  3 steam dragons
  2 harpy simulacra (IceCv)
  A warg (Orc:2)
  A naga (Lair:3)
  2 acid dragons
  2 hydra simulacra (IceCv)
  4 hell hounds (Lair:5)
  10 water moccasins
  4 black bears
  A sky beast (D:6)
  3 ice beasts
  23 orc warriors
  4 small abominations (Abyss:2)
  20 wolves
  26 ogres
  11 centaurs
  2 phantoms
  5 kobold brigands
  10 bullfrogs
  Blork the orc (D:5)
  2 scorpions (D:5)
  A gnoll sergeant (D:5)
  7 wights
  A killer bee (shapeshifter) (D:13)
  17 killer bees
  2 electric eels (D:10)
  3 howler monkeys
  A starcursed mass (Abyss:2)
  5 lava snakes (Lair:5)
  2 hounds
  9 orc priests
  An iron imp (Abyss:2)
  A jelly (D:7)
  3 iguanas
  17 orc wizards
  2 hell rats (D:11)
  3 polar bear simulacra (IceCv)
  A troll simulacrum (IceCv)
  A wolf simulacrum (IceCv)
  4 gnolls (D:5)
  6 adders
  A river rat (D:11)
  A naga simulacrum (IceCv)
  A shadow imp (D:8)
  A white imp (D:5)
  A dart slug (D:4)
  89 orcs
  7 ball pythons
  6 bats
  3 endoplasms
  7 giant cockroaches
  11 goblins
  8 hobgoblins
  30 kobolds
  5 quokkas
  2 frilled lizards (D:1)
  12 rats
  A spectral hobgoblin (D:8)
658 creatures vanquished.

Vanquished Creatures (others)
  2 small abominations (Abyss:2)
  24 fungi
  2 lurking horrors (Abyss:2)
  25 plants
  2 starspawn tentacles (Abyss:2)
55 creatures vanquished.

Grand Total: 713 creatures vanquished

Notes
Turn   | Place    | Note
-------+----------+-------------------------------------------
     0 | D:5      | MrRokkomies the Armataur Delver began the quest for the
                  | Orb.
     0 | D:5      | Reached XP level 1. HP: 19/19 MP: 1/1
    17 | D:5      | Noticed a phantom
    56 | D:5      | Noticed a hound
    92 | D:5      | Noticed a black bear
   103 | D:5      | Killed a black bear
   104 | D:5      | Reached XP level 2. HP: 11/27 MP: 2/2
   104 | D:5      | Reached XP level 3. HP: 14/33 MP: 3/3
   104 | D:5      | Reached XP level 4. HP: 17/40 MP: 4/4
   347 | D:3      | Identified the +7 quarterstaff "Xoolicai" {pain, rCorr
                  | Dex+4}
   395 | D:3      | Reached skill level 1 in Armour
   395 | D:3      | Reached XP level 5. HP: 25/48 MP: 5/5
   532 | D:3      | Found a faded altar of an unknown god.
   540 | D:3      | Got Plato's Folio of the Salvo
   755 | D:2      | Found Ihemo's Jewellery Shop.
  1653 | D:2      | Found a bloodstained altar of Trog.
  2394 | D:4      | Noticed a phantom
  2401 | D:4      | Killed a phantom
  2402 | D:4      | Reached XP level 6. HP: 55/55 MP: 6/6
  2662 | D:4      | Reached skill level 1 in Staves
  2999 | D:4      | Found a bloodstained altar of Trog.
  3346 | D:5      | Noticed Blork the orc
  3352 | D:5      | Killed Blork the orc
  3385 | D:5      | Reached skill level 2 in Staves
  3385 | D:5      | Reached XP level 7. HP: 64/64 MP: 7/7
  3650 | D:5      | Reached skill level 5 in Fighting
  3704 | D:5      | Reached skill level 3 in Staves
  3862 | D:5      | Found a snail-covered altar of Cheibriados.
  3963 | D:5      | Reached XP level 8. HP: 60/73 MP: 8/8
  4070 | D:5      | Found a glowing silver altar of Zin.
  4234 | D:5      | Became a worshipper of Cheibriados the Contemplative
  4413 | D:6      | Noticed a cyclops
  4420 | D:6      | Killed a cyclops
  4421 | D:6      | Reached skill level 4 in Staves
  4421 | D:6      | Reached skill level 5 in Armour
  4423 | D:6      | Noticed a two-headed ogre
  4423 | D:6      | Noticed a komodo dragon
  4432 | D:6      | Killed a two-headed ogre
  4433 | D:6      | Reached skill level 5 in Staves
  4433 | D:6      | Reached XP level 9. HP: 81/83 MP: 9/9
  4436 | D:6      | Killed a komodo dragon
  4480 | D:6      | Found a staircase to the Ecumenical Temple.
  4484 | D:6      | Got Cerebov's Vellum of Bolts
  5092 | D:7      | Reached skill level 6 in Staves
  5198 | D:7      | Reached * piety under Cheibriados
  5788 | D:8      | Found a flagged portal.
  5802 | Bailey   | Entered a bailey
  5969 | Bailey   | Reached ** piety under Cheibriados
  6414 | Bailey   | Reached XP level 10. HP: 88/94 MP: 10/10
  6471 | Bailey   | Acquired the +1 lajatang "MrRokkomies's Regret" {antimagic,
                  | Fly rF+ rN+ Dex-2}
  6473 | Bailey   | Noticed an orc knight
  6480 | Bailey   | Killed an orc knight
  6481 | Bailey   | Reached skill level 7 in Staves
  6628 | D:8      | Found Gucvetae's Antique Armour Shop.
  6715 | D:8      | Reached skill level 5 in Dodging
  6934 | D:8      | Noticed Joseph
  6943 | D:8      | Killed Joseph
  7450 | D:8      | Found an opulent altar of Gozag.
  7453 | D:8      | Found a sparkling altar of Nemelex Xobeh.
  7453 | D:8      | Found a hide-covered altar of Uskayaw.
  7461 | D:8      | Noticed Erica
  7471 | D:8      | Killed Erica
  7652 | D:8      | Found a hazy altar of Hepliaklqana.
  7654 | D:8      | Reached *** piety under Cheibriados
  7683 | D:9      | Reached skill level 8 in Staves
  7770 | D:9      | Found a transporter.
  7783 | D:9      | Noticed a soul eater
  7786 | D:9      | Found a burning altar of Makhleb.
  8005 | D:9      | Found a transporter.
  8007 | D:9      | Noticed Dwachs's ghost (novice OpSu)
  8018 | D:9      | Identified the +1 plate armour of Kaiff {rF+}
  8109 | D:9      | Found an iron altar of Okawaru.
  8109 | D:9      | Found a stormy altar of Qazlal.
  8110 | D:9      | Found a radiant altar of Vehumet.
  8138 | D:9      | Reached XP level 11. HP: 102/103 MP: 11/11
  8297 | D:10     | Entered Level 10 of the Dungeon
  8879 | D:10     | Noticed a two-headed ogre
  8886 | D:10     | Reached **** piety under Cheibriados
  8894 | D:10     | Killed a two-headed ogre
  8895 | D:10     | Reached skill level 10 in Fighting
  8895 | D:10     | Reached skill level 9 in Staves
  9630 | D:10     | Reached skill level 1 in Invocations
  9864 | D:11     | Reached ***** piety under Cheibriados
  9998 | D:11     | Noticed a boulder beetle
 10028 | D:11     | Noticed a deep elf pyromancer
 10133 | D:11     | Killed a deep elf pyromancer
 10146 | D:11     | Reached skill level 10 in Staves
 10208 | D:11     | Killed a boulder beetle
 10209 | D:11     | Reached XP level 12. HP: 38/113 MP: 13/15
 10236 | D:11     | Noticed a two-headed ogre
 10521 | D:12     | Found a staircase to the Orcish Mines.
 10685 | D:11     | Killed a two-headed ogre
 10838 | D:11     | Found a bloodstained altar of Trog.
 10838 | D:11     | Noticed a two-headed ogre
 10838 | D:11     | Noticed LetschGu's ghost (journeyman TeSu)
 10838 | D:11     | Noticed a two-headed ogre
 10858 | D:11     | Found a transporter.
 10861 | D:11     | Found a transporter.
 10896 | D:11     | Noticed a death yak
 10897 | D:11     | Noticed a death yak
 10903 | D:11     | Noticed a death yak
 10913 | D:11     | Killed a death yak
 11070 | D:11     | Reached skill level 10 in Armour
 11110 | D:11     | Killed a death yak
 11111 | D:11     | Reached skill level 5 in Invocations
 11116 | D:11     | Killed a death yak
 11243 | D:11     | Found a staircase to the Lair.
 11437 | Lair:1   | Entered Level 1 of the Lair of Beasts
 11749 | Lair:1   | Identified the +5 flail of the Bursting Gods {antimagic,
                  | rElec Will++ Stlth-}
 11867 | Lair:1   | Noticed Sonja
 11875 | Lair:1   | Killed Sonja
 12305 | Lair:1   | Reached skill level 11 in Staves
 12851 | Lair:2   | Noticed Gastronok
 12877 | Lair:2   | Killed Gastronok
 12944 | Lair:2   | Found a radiant altar of Vehumet.
 13065 | Lair:2   | Noticed Nergalle
 13071 | Lair:2   | Killed Nergalle
 13071 | Lair:2   | Reached ****** piety under Cheibriados
 13770 | Lair:3   | Found a staircase to the Snake Pit.
 13816 | Lair:3   | Noticed a death yak
 13816 | Lair:3   | Noticed a death yak
 13817 | Lair:3   | Noticed a death yak
 13822 | Lair:3   | Killed a death yak
 13828 | Lair:3   | Killed a death yak
 13833 | Lair:3   | Killed a death yak
 13834 | Lair:3   | Reached XP level 13. HP: 84/120 MP: 18/18
 13907 | Lair:3   | Found a staircase to the Swamp.
 14820 | Lair:4   | Found a frozen archway.
 14845 | IceCv    | Entered an ice cave
 15576 | IceCv    | Noticed a reaper
 15582 | IceCv    | Killed a reaper
 15778 | Lair:4   | Reached skill level 12 in Staves
 16234 | Lair:4   | Found a staircase to the Slime Pits.
 16234 | Lair:4   | Found a viscous altar of Jiyva.
 16593 | Lair:5   | Entered Level 5 of the Lair of Beasts
 16753 | Lair:4   | Reached skill level 1 in Evocations
 17538 | Lair:5   | Noticed Nessos
 17540 | Lair:5   | Killed Nessos
 17653 | Lair:5   | Reached XP level 14. HP: 96/129 MP: 21/21
 18135 | Lair:5   | Reached skill level 10 in Invocations
 18384 | Lair:5   | Reached skill level 13 in Staves
 18506 | Lair:5   | Identified the ring "Dacide" {*Slow rElec rPois rN+}
 19453 | Lair:5   | Found a large runed translucent door.
 19453 | Lair:5   | Found a large runed translucent door.
 19638 | Lair:5   | Reached skill level 1 in Throwing
 19819 | Lair:5   | Identified the +9 dire flail of Ruramothur {distort, rF+
                  | rN+ Stlth-}
 19824 | Lair:5   | Identified the +8 hand axe of Qegeng {vorpal, rPois}
 20056 | Orc:1    | Entered Level 1 of the Orcish Mines
 20282 | Orc:2    | Entered Level 2 of the Orcish Mines
 20783 | Orc:2    | Reached skill level 5 in Evocations
 20831 | Orc:2    | Paralysed by an ogre mage for 5 turns
 20981 | Orc:2    | Paralysed by an ogre mage for 2 turns
 21002 | Orc:2    | Reached skill level 5 in Throwing
 21097 | Orc:2    | Found Luneugur's Weapon Shop.
 21098 | Orc:2    | Found Nooth's Jewellery Emporium.
 21098 | Orc:2    | Found Amuyhitt's Antique Weapon Shop.
 21098 | Orc:2    | Found Huaf's Armour Shoppe.
 21241 | Orc:2    | Found a staircase to the Elven Halls.
 21806 | D:12     | Reached XP level 15. HP: 114/134 MP: 23/23
 23666 | D:14     | Found a sacrificial altar of Ru.
 23768 | Abyss:2  | Cast into level 2 of the Abyss (a wizard)
 23960 | Abyss:2  | Gained mutation: You are occasionally teleported next to
                  | monsters. [potion of mutation]
 23960 | Abyss:2  | Lost mutation: You are occasionally teleported next to
                  | monsters. [potion of mutation]
 23960 | Abyss:2  | Gained mutation: You are covered in fur. (AC +1) [potion of
                  | mutation]
 23992 | Abyss:2  | Noticed a tentacled starspawn
 24052 | Abyss:2  | Killed a tentacled starspawn
 24148 | Abyss:2  | Noticed a tentacled starspawn
 24351 | Abyss:2  | Noticed a tentacled starspawn
 24424 | Abyss:2  | Mangled by a large abomination

Illustrated notes

Levels and vault maps discovered:
D:1:      dpeg_arrival_simpleton_a, layout_basic, item_on_display_a
D:2:      layout_loops_ring, serial_shops, nicolae_shop_statue_plus,
          basic_altar, minmay_heptomino_h4
D:3:      layout_basic, shapermc_ecumenical_altar_rom_forum
D:4:      layout_layer_cave, nicolae_overflow_crystal_walls,
          lightli_ossuary_entry_decrepit_ruins, kennysheep_cross_bottleneck
D:5:      layout_rooms, zin_academy, amcnicky_altar_gilded,
          kennysheep_small_circle, uniq_blork_the_orc
D:6:      minmay_cornered_nines, layout_basic, minmay_temple_entry_arrows,
          bh_walls_and_bars, uniq_menkaure, uniq_prince_ribbit1
D:7:      corexii_shack_village, layout_basic
D:8:      layout_loops_ring, nicolae_hepliaklqana_monster_ancestors,
          chequers_temple_overflow_statue_of_worship, enter_bailey_5,
          roderic_serpentine_path, nicolae_take_the_stairs, glass_columns_a,
          kennysheep_generic_room_3, uniq_erica, uniq_joseph
D:9:      layout_big_octagon, gammafunk_temple_overflow_claw, bloody_makhleb,
          nzn_ghost_randoct
D:10:     minmay_octagon_keep, layout_irregular_city, minivault_14
D:11:     layout_rooms, dpeg_lair_monsters, gammafunk_ghost_wrathful_warriors,
          kennysheep_nub, minmay_joined_circles
D:12:     layout_roguey, hiddenorc2_lemuel
D:13:     layout_irregular_city, nicolae_wwwww
D:14:     cheibrodos_frozen_isle, layout_irregular_city,
          grunt_vaults_entry_fortified, hangedman_ru_absence, elyvilon_altar_4
Lair:1:   layout_gridlike, serial_bayou_shore_b, infiniplex_staircase_pool,
          uniq_sonja
Lair:2:   layout_gridlike, basic_altar, serial_bayou_shore_a,
          grunt_megastairs_5, uniq_gastronok, uniq_nergalle
Lair:3:   layout_cave_pods, skrybe_swamp_entry_bodies,
          guppyfry_snake_entry_garden, infiniplex_staircase_pool_2
Lair:4:   layout_cave_pods, slime_entry_1, portal_ice_cave_entry_pillars_1,
          st_stairs_4, lemuel_fruit_tree
Lair:5:   cheibrodos_lair_end_hotspot, layout_gridlike, uniq_nessos
Orc:1:    layout_caves
Orc:2:    st_orc_ogre_mass, layout_caves, basic_altar
Abyss:2:  base: Ossuary, evilmike_abyss_exit_chaos, hangedman_decor_points,
          evilmike_abyss_exit_13

Skill      XL: |  1  2  3  4  5  6  7  8  9 10 11 12 13 14 15 |
---------------+----------------------------------------------+-----
Fighting       | 3 4 5 6 8 9 10 | 10.2
Maces & Flails | 2 |  2.5
Dodging        | 2 3 4 5 6 7 8 9 |  9.3
Stealth        | 6 |  6.0
Armour         | 1 2 3 4 5 6 8 9 10 11 | 11.5
Staves         | 2 3 5 6 8 10 11 12 13 | 13.8
Invocations    | 4 7 9 11 12 | 12.0
Evocations     | 3 5 6 |  6.6
Throwing       | 6 9 |  9.3

Action                   |  1- 3 |  4- 6 |  7- 9 | 10-12 | 13-15 || total
-------------------------+-------+-------+-------+-------+-------++-------
Melee: Mace              |     7 |     7 |       |       |       ||    14
       Tailslap          |     3 |     7 |    22 |   110 |   262 ||   404
       Quarterstaff      |       |   127 |   186 |   543 |  1042 ||  1898
       Flail             |       |     7 |       |       |       ||     7
Throw: Dart              |       |       |       |    17 |     5 ||    22
Invok: Bend Time         |       |       |       |     1 |       ||     1
       Slouch            |       |       |       |     2 |     5 ||     7
       Step From Time    |       |       |       |       |     2 ||     2
Evoke: Wand              |       |     1 |     2 |     3 |     1 ||     7
  Use: Potion            |     2 |       |     2 |     6 |     6 ||    16
       Scroll            |     1 |     5 |     8 |    14 |     6 ||    34
 Stab: Sleeping          |     1 |     4 |       |       |     2 ||     7
       Invisible         |       |       |       |     1 |       ||     1
       Distracted        |       |       |       |       |     5 ||     5
Armor: Leather armour    |     6 |     3 |       |       |       ||     9
       Chain mail        |       |    45 |       |       |       ||    45
       Plate armour      |       |    42 |   206 |   504 |   386 ||  1138
       Fire dragon scale |       |       |       |       |   282 ||   282
Dodge: Dodged            |     8 |    22 |    53 |   216 |   700 ||   999

Table legend: (Time is in decaauts)
 A = Elapsed time spent in this place.
 B = Non-inter-level travel time spent in this place.
 C = Inter-level travel time spent in this place.
 D = Time resting spent in this place.
 E = Time spent auto-exploring this place.
 F = Levels seen in this place.
 G = Mean time per level.
                   A        B        C        D        E       F      G
               +--------+--------+--------+--------+--------+-----+--------+
         Total |  32684 |  31094 |   1590 |   4237 |  22252 |  24 | 1361.8 |
       Dungeon |  15784 |  15078 |    706 |   1713 |  11093 |  14 | 1127.4 |
          Lair |  11509 |  10774 |    735 |   1333 |   8230 |   5 | 2301.8 |
  Orcish Mines |   2436 |   2288 |    148 |    523 |   1416 |   2 | 1218.0 |
         Abyss |    886 |    886 |      0 |     16 |    590 |   1 |  886.0 |
        Bailey |    950 |    950 |      0 |    402 |    299 |   1 |  950.0 |
      Ice Cave |   1117 |   1117 |      0 |    250 |    623 |   1 | 1117.0 |
               +--------+--------+--------+--------+--------+-----+--------+

Top non-repeatable levels by time:
  Lair:5: 3250 daAuts
  Lair:4: 2641 daAuts
  Lair:1: 1993 daAuts
    D:12: 1953 daAuts
    D:10: 1941 daAuts
  Lair:2: 1855 daAuts
  Lair:3: 1769 daAuts
    D:11: 1584 daAuts
     D:8: 1506 daAuts
    D:13: 1467 daAuts
     D:4: 1351 daAuts
   Orc:1: 1296 daAuts
     D:7: 1150 daAuts
   Orc:2: 1140 daAuts
   IceCv: 1117 daAuts
